 Dungeon Crawl Stone Soup version 0.31-a0-819-gf6de2f5ab6 (webtiles) character file.

Game seed: 5099046408261665305

2735 Kurtz the Cleaver (level 9, -7/62 HPs)
             Began as an Octopode Fighter on Sept 25, 2023.
             Was a Priest of Dithmenos.
             Mangled by a gnoll
             ... wielding a +0 spear
             ... led by a gnoll bouda
              (10 damage)
             ... on level 7 of the Dungeon.
             The game lasted 00:09:09 (6449 turns).

Kurtz the Cleaver (Octopode Fighter)                Turns: 6449, Time: 00:09:10

Health: -7/62      AC:  1    Str: 21    XL:     9   Next: 67%
Magic:  9/12       EV: 15    Int: 10    God:    Dithmenos [***...]
Gold:   109        SH:  5    Dex: 16    Spells: 8/8 levels left

rFire   . . .        C - +2 trident (drain)
rCold   . . .        b - +0 buckler
rNeg    . . .        (helmet restricted)
rPois   .            (no amulet)
rElec   .            i - ring of resist corrosion
rCorr   +            k - +6 ring of strength
SInv    +            o - ring of see invisible
Will    .....        (no ring)
Stlth   +++++        (no ring)
HPRegen 0.30/turn    (no ring)
MPRegen 0.13/turn    (no ring)
                     (no ring)

%: no passive effects
@: mighty, weakened, wreathed by umbra
A: almost no armour, amphibious, 8 rings, camouflage 1, gelatinous body 1,
(nimble swimmer 1), tentacles
a: Renounce Religion, Shadow Step


You were on level 7 of the Dungeon.
You worshipped Dithmenos.
Dithmenos was most pleased with you.
You visited 1 branch of the dungeon, and saw 7 of its levels.
You also visited: Ossuary.

You collected 336 gold pieces.
You spent 227 gold pieces at shops.

Inventory:

Hand Weapons
 a - a +0 war axe
 C - a +2 trident of draining (weapon)
Missiles
 x - 13 poisoned darts (quivered)
 B - 3 throwing nets
Armour
 b - a +0 buckler (worn)
Jewellery
 i - a ring of resist corrosion (left tentacle)
 k - a +6 ring of strength (right tentacle)
 o - a ring of see invisible (on tentacle)
 y - an amulet of magic regeneration
Wands
 n - a wand of mindburst (6)
 D - a wand of flame (10)
Scrolls
 d - 2 scrolls of silence {unknown}
 e - a scroll of vulnerability {unknown}
 f - 4 scrolls of noise
 h - a scroll of enchant weapon {unknown}
 j - 5 scrolls of fear {unknown}
 l - 5 scrolls of teleportation
 p - 2 scrolls of brand weapon
 q - 3 scrolls of blinking {unknown}
 r - a scroll of amnesia
 s - a scroll of torment
 A - a scroll of identify
Potions
 c - a potion of might
 g - 3 potions of curing
 m - 2 potions of cancellation
 t - a potion of heal wounds
 u - a potion of enlightenment
 v - a potion of mutation
 w - a potion of resistance
 z - 2 potions of attraction


   Skills:
 * Level 5.8 Fighting
 * Level 9.2 Axes
 * Level 5.3 Dodging
 - Level 3.7 Stealth
 * Level 5.1 Shields
 * Level 4.3 Invocations


You had 8 spell levels left.
You didn't know any spells.
Your spell library contained the following spells:

 Spells                   Type           Power      Damage    Failure   Level
 Apportation              Tloc           0%         N/A       41%         1
 Freeze                   Ice            0%         1d3       41%         1
 Magic Dart               Conj           0%         1d3       41%         1
 Necrotise                Necr           0%         1d4       41%         1
 Sandblast                Erth           0%         2d4       41%         1
 Summon Small Mammal      Summ           0%         N/A       41%         1
 Call Imp                 Summ           0%         N/A       56%         2
 Ensorcelled Hibernation  Hex/Ice        0%         N/A       56%         2
 Jinxbite                 Hex            0%         N/A       56%         2
 Passwall                 Tmut/Erth      0%         N/A       56%         2
 Call Canine Familiar     Summ           0%         N/A       80%         3
 Frozen Ramparts          Ice            0%         1d1       80%         3
 Hailstorm                Conj/Ice       0%         3d3       80%         3
 Mephitic Cloud           Conj/Pois/Air  0%         N/A       80%         3
 Stone Arrow              Conj/Erth      0%         3d7       80%         3
 Summon Guardian Golem    Hex/Summ       0%         N/A       80%         3
 Anguish                  Hex/Necr       0%         N/A       99%         4
 Brom's Barrelling Bould  Conj/Erth      0%         2d3       99%         4


Dungeon Overview and Level Annotations

Branches:
Dungeon (7/15)             Temple (0/1) D:5         Ossuary (visited)

Altars:
Dithmenos
Makhleb
Trog

Shops:
D:6 ?


Innate Abilities, Weirdness & Mutations

You cannot wear most types of armour.
You are amphibious.
You can wear up to eight rings at the same time.
Your skin changes colour to match your surroundings (Stealth+).
Your rubbery body absorbs attacks. (AC +1, EV +1)
((You are camouflaged when in or above water. (Stealth+)))
You have tentacles for arms and can constrict up to eight enemies at once.


Message History

You constrict the orc priest.
You kill the orc priest!
Dithmenos accepts your kill. The gnoll barely misses you.
The orc warrior barely misses you. The gnoll hits you with a +0 spear.
The gnoll bouda barely misses you.
You hit the orc warrior but do no damage.
You grab the orc warrior.
The orc warrior is severely wounded.
You constrict the orc warrior. The gnoll hits you with a +0 whip.
The orc warrior closely misses you. The gnoll closely misses you.
The gnoll bouda misses you.
Unknown command.
You hit the orc warrior but do no damage.
The orc warrior is almost dead.
You constrict the orc warrior.
The gnoll is no longer moving quickly.
The gnoll barely misses you. The orc warrior closely misses you.
The gnoll hits you with a +0 spear.
* * * LOW HITPOINT WARNING * * *
The gnoll bouda barely misses you.
You puncture the orc warrior!
You kill the orc warrior!
Dithmenos accepts your kill. The gnoll hits you with a +0 whip.
* * * LOW HITPOINT WARNING * * *
You block the gnoll's attack. The gnoll bouda barely misses you.
Unknown command.
You closely miss the gnoll. You grab the gnoll. You constrict the gnoll.
The gnoll hits you with a +0 whip.
* * * LOW HITPOINT WARNING * * *
The gnoll hits you with a +0 spear!
* * * LOW HITPOINT WARNING * * *
You block the gnoll bouda's attack.
Unknown command.
You puncture the gnoll!
The gnoll is almost dead.
You constrict the gnoll.
You kill the gnoll!
Dithmenos accepts your kill. The gnoll hits you with a +0 spear!
You die...

##.....>.#...#....###..#
#.....##....####..##...#
###...#.....###...#...##
##.................###
##......##..........#
#........##..#......#
..##.......###.........##
#.......)).# #..........#
...#.###)g@.##.........###
..... #..)g.............###
...........................
####....................#..
#....................#..
#.......................
...............#..#..#..
..................##.##.
..........##


You could see a gnoll bouda and a gnoll (swift).

Vanquished Creatures
  Jeremiah (D:6)
  Prince Ribbit (D:6)
  Menkaure (D:6)
  An orc warrior (D:7)
  An ogre (D:7)
  A centaur (D:5)
  3 phantoms
  A gnoll sergeant (D:5)
  2 scorpions
  A bullfrog (D:6)
  6 bullfrog zombies (Ossuary)
  A gnoll bouda (D:6)
  2 hounds
  3 jellies
  2 orc priests
  A sleepcap (D:5)
  Jessica (D:3)
  3 iguanas
  7 orc wizards
  A killer bee zombie (Ossuary)
  14 mummies (Ossuary)
  4 howler monkey zombies (Ossuary)
  Robin (D:2)
  11 adders
  12 gnolls
  2 shadow imps (D:7)
  An ufetubus (D:6)
  2 worms
  30 orcs
  A ball python (D:1)
  8 endoplasms
  5 giant cockroaches
  7 hobgoblins
  3 jackals (D:1)
  8 kobolds
  4 quokkas
  7 bats
  3 frilled lizards
  11 goblins
  6 rats
180 creatures vanquished.

Notes
Turn   | Place    | Note
-------+----------+-------------------------------------------
     0 | D:1      | Kurtz the Octopode Fighter began the quest for the Orb.
     0 | D:1      | Reached XP level 1. HP: 16/16 MP: 1/1
    31 | D:1      | Reached XP level 2. HP: 21/21 MP: 2/2
   173 | D:1      | Reached skill level 3 in Axes
   210 | D:1      | Found a faded altar of an unknown god.
   368 | D:1      | Reached XP level 3. HP: 26/26 MP: 3/3
   405 | D:1      | Prayed at the altar of an unknown god.
   405 | D:1      | Became a worshipper of Dithmenos the Shadowed
   405 | D:1      | Reached * piety under Dithmenos
   586 | D:2      | Noticed Robin
   596 | D:2      | Killed Robin
   696 | D:2      | Reached XP level 4. HP: 30/31 MP: 4/4
   699 | D:2      | Reached skill level 1 in Stealth
   865 | D:2      | Reached ** piety under Dithmenos
  1396 | D:3      | Noticed Jessica
  1399 | D:3      | Killed Jessica
  1400 | D:3      | Reached skill level 4 in Axes
  1476 | D:3      | Reached XP level 5. HP: 30/36 MP: 5/5
  1686 | D:3      | Reached skill level 1 in Invocations
  2160 | D:4      | Reached XP level 6. HP: 18/42 MP: 6/6
  2319 | D:4      | Found a sand-covered staircase.
  2329 | Ossuary  | Entered an ossuary
  2344 | Ossuary  | Reached skill level 5 in Axes
  2360 | Ossuary  | Reached *** piety under Dithmenos
  2385 | Ossuary  | Reached XP level 7. HP: 25/47 MP: 8/8
  2616 | Ossuary  | Reached skill level 6 in Axes
  3050 | D:4      | Reached XP level 8. HP: 54/54 MP: 9/9
  3346 | D:5      | Entered Level 5 of the Dungeon
  3536 | D:5      | Found a burning altar of Makhleb.
  3545 | D:5      | Found a bloodstained altar of Trog.
  3956 | D:4      | Reached skill level 7 in Axes
  4107 | D:5      | Found a staircase to the Ecumenical Temple.
  5162 | D:6      | Found Dizotwo's Magic Scroll Shop.
  5173 | D:6      | Bought a scroll of identify for 26 gold pieces
  5179 | D:6      | Bought a scroll of brand weapon for 123 gold pieces
  5179 | D:6      | Bought 2 scrolls of noise for 26 gold pieces
  5179 | D:6      | Bought a scroll of amnesia for 52 gold pieces
  5213 | D:6      | Reached skill level 5 in Fighting
  5221 | D:6      | Reached XP level 9. HP: 55/61 MP: 11/11
  5460 | D:6      | Reached skill level 8 in Axes
  5547 | D:6      | Noticed Menkaure
  5549 | D:6      | Killed Menkaure
  5579 | D:6      | Noticed Prince Ribbit
  5589 | D:6      | Killed Prince Ribbit
  5590 | D:6      | Reached skill level 5 in Dodging
  5678 | D:6      | Noticed Jeremiah
  6079 | D:6      | Killed Jeremiah
  6080 | D:6      | Reached skill level 5 in Shields
  6362 | D:7      | Reached skill level 9 in Axes
  6441 | D:7      | HP: 2/62 [gnoll/+0 spear[a gnoll bouda] (9)]
  6448 | D:7      | HP: 3/62 [gnoll/+0 spear[a gnoll bouda] (8)]
  6449 | D:7      | Mangled by a gnoll

Illustrated notes

Levels and vault maps discovered:
D:1:      scummos_arrival_simple_crosswalls, layout_rooms,
          shapermc_ecumenical_altar_starsandcircs
D:2:      layout_loops_ring, kennysheep_cross_room, minmay_door_square,
          uniq_robin
D:3:      layout_loops_ring, uniq_jessica
D:4:      layout_loops_ring, enter_ossuary_1, hangedman_decor_points
D:5:      minmay_recursive_quarters, layout_cave_pools,
          mainiacjoe_overflow_large_starburst, temple_green
D:6:      layout_loops_ring, serial_shops, nicolae_shop_tiny_waterfront,
          uniq_prince_ribbit1, uniq_menkaure, uniq_jeremiah
D:7:      layout_cave_pools, mainiacjoe_overflow_catwalk_spiral

Skill      XL: |  1  2  3  4  5  6  7  8  9 |
---------------+----------------------------+-----
Axes           | 3 4 5 6 7 9 |  9.2
Stealth        | 1 2 3 |  3.7
Invocations    | 1 2 3 4 |  4.3
Fighting       | 4 5 |  5.8
Shields        | 4 5 |  5.1
Dodging        | 4 5 |  5.3

Action                     |  1- 3 |  4- 6 |  7- 9 || total
---------------------------+-------+-------+-------++-------
  Melee: War axe           |    49 |   101 |   200 ||   350
         Constrict         |    18 |    28 |    52 ||    98
         Tentacles         |    12 |    17 |    46 ||    75
         Punch             |       |     4 |       ||     4
         Trident           |       |       |    21 ||    21
  Throw: Dart              |       |       |    20 ||    20
 Invoke: Shadow Step       |       |       |     6 ||     6
  Evoke: Wand              |       |       |     6 ||     6
    Use: Potion            |     1 |     2 |     5 ||     8
         Scroll            |       |       |     8 ||     8
   Stab: Sleeping          |     5 |    10 |    13 ||    28
         Distracted        |       |     1 |       ||     1
 Armour: Skin              |    20 |    37 |   108 ||   165
  Dodge: Dodged            |    44 |    60 |   164 ||   268
  Block: Buckler           |    11 |    22 |    33 ||    66

Table legend: (Time is in decaauts)
 A = Elapsed time spent in this place.
 B = Non-inter-level travel time spent in this place.
 C = Inter-level travel time spent in this place.
 D = Time resting spent in this place.
 E = Time spent auto-exploring this place.
 F = Levels seen in this place.
 G = Mean time per level.
                   A        B        C        D        E       F      G
               +--------+--------+--------+--------+--------+-----+--------+
         Total |   6556 |   6327 |    229 |   1512 |   3388 |   8 |  819.5 |
       Dungeon |   6058 |   5829 |    229 |   1412 |   3203 |   7 |  865.4 |
       Ossuary |    497 |    497 |      0 |    100 |    185 |   1 |  497.0 |
               +--------+--------+--------+--------+--------+-----+--------+

Top non-repeatable levels by time:
     D:5: 1666 daAuts
     D:6: 1094 daAuts
     D:4: 984 daAuts
     D:2: 839 daAuts
     D:3: 654 daAuts
     D:1: 554 daAuts
 Ossuary: 497 daAuts
     D:7: 264 daAuts
